 Dungeon Crawl Stone Soup version 0.31-a0-672-g7da72447bb (webtiles) character file.

Game seed: 9775490898326079998

7 Xavori the Trooper (level 2, 0/21 HPs)
             Began as an Octopode Chaos Knight on Sept 4, 2023.
             Was a Plaything of Xom.
             Constricted to death by a ball python (1 damage)
             ... on level 1 of the Dungeon.
             The game lasted 00:00:17 (147 turns).

Xavori the Trooper (Octopode Chaos Knight)           Turns: 147, Time: 00:00:17

Health: 0/21       AC:  1    Str: 11    XL:     2   Next: 4%
Magic:  2/2        EV: 10    Int: 14    God:    Xom [......]
Gold:   0          SH:  0    Dex: 11    Spells: 1/1 levels left

rFire   . . .        a - +0 short sword (chaos)
rCold   . . .        (no shield)
rNeg    . . .        (helmet restricted)
rPois   .            (no amulet)
rElec   .            (no ring)
rCorr   .            (no ring)
SInv    .            (no ring)
Will    .....        (no ring)
Stlth   ++           (no ring)
HPRegen 0.23/turn    (no ring)
MPRegen 0.08/turn    (no ring)
                     (no ring)

%: no passive effects
@: confused, constricted
A: almost no armour, amphibious, 8 rings, camouflage 1, gelatinous body 1,
(nimble swimmer 1), tentacles
a: Renounce Religion


You were on level 1 of the Dungeon.
You worshipped Xom.
You were a very special plaything of Xom.
You visited 1 branch of the dungeon, and saw 1 of its levels.

Inventory:

Hand Weapons
 a - a +0 short sword of chaos (weapon)
Scrolls
 b - a scroll of butterflies
 c - a scroll of vulnerability {unknown}
Potions
 d - a potion of curing {unknown}


   Skills:
 + Level 3.3 Fighting
 + Level 3.1 Short Blades
 + Level 2.3 Dodging


You had one spell level left.
You didn't know any spells.
Your spell library was empty.

Dungeon Overview and Level Annotations

Branches:
Dungeon (1/15)

Altars:


Innate Abilities, Weirdness & Mutations

You cannot wear most types of armour.
You are amphibious.
You can wear up to eight rings at the same time.
Your skin changes colour to match your surroundings (Stealth+).
Your rubbery body absorbs attacks. (AC +1, EV +1)
((You are camouflaged when in or above water. (Stealth+)))
You have tentacles for arms and can constrict up to eight enemies at once.


Message History

You hit the hobgoblin.
You feel better.
You squeeze the hobgoblin.
You kill the hobgoblin!
You bump into the rock wall.
The hobgoblin hits you.
You bump into the rock wall.
The hobgoblin hits you.
You're too confused to move!
The hobgoblin hits you.
* * * LOW HITPOINT WARNING * * *
A shower of butterflies erupts from you!
Okay, then.
Okay, then.
Okay, then.
You're too confused to move!
You feel less confused.
A ball python comes into view.
The hobgoblin hits you.
* * * LOW HITPOINT WARNING * * *
You hit the hobgoblin. You burn the hobgoblin. You grab the hobgoblin.
The hobgoblin is severely wounded.
You constrict the hobgoblin.
You kill the hobgoblin!
The ball python barely misses you. The ball python completely misses you.
You have reached level 2!
You barely miss the ball python. You grab the ball python.
You constrict the ball python, but do no damage.
The ball python barely misses you. x2
You hit the ball python but do no damage.
You constrict the ball python.
Xom titters.
You are confused.
Okay, then.
Okay, then.
You constrict the ball python, but do no damage.
The ball python barely misses you. The ball python closely misses you.
The ball python barely misses you. The ball python grabs you.
The ball python constricts you.
* * * LOW HITPOINT WARNING * * *
You constrict the ball python. The ball python bites you.
* * * LOW HITPOINT WARNING * * *
The ball python constricts you.
You die...
Xom bursts into laughter!

#.##.#.#
#.##.#.####
#....#....######
#.#######.......
#....#....#####.
#.##.#.####
#.##.#.#
###.#####b##...#
....SgS@bb###.##
##...###### #†#
... #.# . #.#
#[# #.# ..# ###


You could see a goblin and 2 ball pythons.

Vanquished Creatures
  2 giant cockroaches (D:1)
  A goblin (D:1)
  2 hobgoblins (D:1)
  A rat (D:1)
6 creatures vanquished.

Notes
Turn   | Place    | Note
-------+----------+-------------------------------------------
     0 | D:1      | Xavori the Octopode Chaos Knight began the quest for the
                  | Orb.
     0 | D:1      | Reached XP level 1. HP: 16/16 MP: 1/1
    41 | D:1      | XOM: divination: magic mapping
   136 | D:1      | XOM: confusion
   141 | D:1      | XOM: butterfly on damage
   144 | D:1      | Reached XP level 2. HP: 4/21 MP: 2/2
   145 | D:1      | XOM: confusion
   147 | D:1      | HP: 1/21 [ball python (3)]
   147 | D:1      | Constricted to death by a ball python

Illustrated notes

Levels and vault maps discovered:
D:1:      tarquinn_simple_flora_water_a, layout_loops_ring, serial_shops, shop

Action                     || total
---------------------------++-------
  Melee: Short sword       ||    13
         Constrict         ||     4
         Tentacles         ||     3
   Stab: Sleeping          ||     1
 Armour: Skin              ||     8
  Dodge: Dodged            ||    13

Table legend: (Time is in decaauts)
 A = Elapsed time spent in this place.
 B = Non-inter-level travel time spent in this place.
 C = Inter-level travel time spent in this place.
 D = Time resting spent in this place.
 E = Time spent auto-exploring this place.
 F = Levels seen in this place.
 G = Mean time per level.
                   A        B        C        D        E       F      G
               +--------+--------+--------+--------+--------+-----+--------+
         Total |    145 |    145 |      0 |      0 |    101 |   1 |  145.0 |
       Dungeon |    145 |    145 |      0 |      0 |    101 |   1 |  145.0 |
               +--------+--------+--------+--------+--------+-----+--------+

Top non-repeatable levels by time:
     D:1: 145 daAuts
